 Dungeon Crawl Stone Soup version 0.30-a0-540-g0af01429fa (webtiles) character file.

Game seed: 784428151328250029

733 mdonais the Digger (level 7, 0/46 HPs)
             Began as an Octopode Wanderer on Dec 26, 2022.
             Was an Initiate of Hepliaklqana.
             Succumbed to a scorpion's poison
             ... on level 5 of the Dungeon.
             The game lasted 00:20:37 (5135 turns).

mdonais the Digger (Octopode Wanderer)              Turns: 5135, Time: 00:20:37

Health: 0/46       AC:  1    Str: 15    XL:     7   Next: 74%
Magic:  12/20      EV: 12    Int: 16    God:    Hepliaklqana [......]
Gold:   248        SH:  0    Dex:  8    Spells: 8/12 levels left

rFire   . . .      SeeInvis .    q - +2 short sword (venom)
rCold   + . .      Faith    .    (no shield)
rNeg    . . .      Spirit   .    (helmet restricted)
rPois   .          Reflect  .    (no amulet)
rElec   .          Harm     .    o - ring of magical power
rCorr   .          Rampage  .    (no ring)
Will    .....                    (no ring)
Stlth   +++                      (no ring)
HPRegen 0.27/turn                (no ring)
MPRegen 0.17/turn                (no ring)
                                 (no ring)
                                 (no ring)

@: lethally poisoned (0 -> -1), very slightly contaminated, hasted, very quick
A: almost no armour, amphibious, 8 rings, camouflage 1, gelatinous body 1,
(nimble swimmer 1), tentacles, cold resistance 1, screaming 1, evolution 1
a: Renounce Religion


You were on level 5 of the Dungeon.
You worshipped Hepliaklqana.
Hepliaklqana was noncommittal.
You visited 2 branches of the dungeon, and saw 6 of its levels.

You collected 248 gold pieces.

Inventory:

Hand Weapons
 f - a +0 quarterstaff
   (You found it on level 1 of the Dungeon)
 q - a +2 short sword of venom (weapon)
   (You found it on level 3 of the Dungeon)
 s - a +1 dagger of venom
   (You took it off a goblin on level 3 of the Dungeon)
Missiles
 t - 8 poisoned darts (quivered)
 Z - a throwing net {=!f}
Armour
 r - an orb of mayhem
   (You found it on level 3 of the Dungeon)
Jewellery
 o - a ring of magical power (left tentacle)
   (You found it on level 2 of the Dungeon)
Wands
 b - a wand of polymorph (4)
 V - a wand of flame (26)
   (You found it on level 4 of the Dungeon)
Scrolls
 a - a scroll of amnesia {unknown}
 d - 2 scrolls of magic mapping {unknown}
 e - 3 scrolls of identify {unknown}
 g - 2 scrolls of blinking {unknown}
 h - a scroll of enchant weapon {unknown}
 k - a scroll of fog {unknown}
 m - 3 scrolls of teleportation {unknown}
Potions
 i - a potion of invisibility {unknown}
 j - a potion of mutation
 n - 2 potions of curing {unknown}
 p - a potion of might {unknown}
 H - a potion of haste


   Skills:
 - Level 3.0 Fighting
 - Level 1.0 Maces & Flails
 - Level 1.0 Dodging
 - Level 4.0 Stealth
 - Level 3.0 Spellcasting
 + Level 3.2 Conjurations
 + Level 6.2 Earth Magic
 - Level 3.2 Evocations


You had 8 spell levels left.
You knew the following spells:

 Your Spells              Type           Power      Damage    Failure   Level
a - Sandblast             Erth           44%        2d11      1%          1
b - Stone Arrow           Conj/Erth      34%        3d9       8%          3

Your spell library contained the following spells:

 Spells                   Type           Power      Damage    Failure   Level
 Petrify                  Tmut/Erth      12%        N/A       45%         4


Dungeon Overview and Level Annotations

Branches:
Dungeon (5/15) Zot: 24805  Temple (1/1) D:4 Zot: 5959

Altars:
Cheibriados
Dithmenos
Elyvilon
Fedhas
Hepliaklqana
Kikubaaqudgha
Makhleb
Nemelex Xobeh
Okawaru
Qazlal
Sif Muna
Trog
Uskayaw
Vehumet
Wu Jian
Zin

Annotations:
D:3 Sigmund
D:4 1 runed translucent door, Crazy Yiuf


Innate Abilities, Weirdness & Mutations

You cannot wear most types of armour.
You are amphibious.
You can wear up to eight rings at the same time.
Your skin changes colour to match your surroundings (Stealth+).
Your rubbery body absorbs attacks. (AC +1, EV +1)
((You are camouflaged when in or above water. (Stealth+)))
You have tentacles for arms and can constrict up to eight enemies at once.
Your flesh is cold resistant. (rC+)
You occasionally shout uncontrollably at your foes.
You have hidden genetic potential.


Message History

Casting: Sandblast (safe; 1% risk of failure)
Confirm with . or Enter, or press ? or * to list all spells.
Aiming: Sandblast (safe; 1% risk of failure)
Press: ? - help, Shift-Dir - straight line, f - orc
Aim: an orc, wielding a +0 dagger (wandering, hasn't noticed you, 83% to hit)
The blast of sand hits the orc!
You kill the orc!
You now have 19/20 mp.
Casting: Sandblast (safe; 1% risk of failure)
Confirm with . or Enter, or press ? or * to list all spells.
You can't see any susceptible monsters within range! (Use Z to cast anyway.)
An orc is nearby!
An orc is nearby!
MP restored: 20
Casting: Sandblast (safe; 1% risk of failure)
Confirm with . or Enter, or press ? or * to list all spells.
Aiming: Sandblast (safe; 1% risk of failure)
Press: ? - help, Shift-Dir - straight line, f - orc
Aim: an orc, wielding a +0 hand axe (wandering, hasn't noticed you, 83% to hit)
The blast of sand hits the orc!
You kill the orc!
You now have 19/20 mp.
Casting: Sandblast (safe; 1% risk of failure)
Confirm with . or Enter, or press ? or * to list all spells.
You can't see any susceptible monsters within range! (Use Z to cast anyway.)
An ufetubus comes into view.
MP restored: 20 The ufetubus shouts!
Found a spear.
Casting: Sandblast (safe; 1% risk of failure)
Confirm with . or Enter, or press ? or * to list all spells.
Aiming: Sandblast (safe; 1% risk of failure)
Press: ? - help, Shift-Dir - straight line, f - ufetubus
Aim: an ufetubus (72% to hit)
The blast of sand misses the ufetubus.
The ufetubus hits you. x2
You take 5 damage, and have 40/45 hp.
You now have 19/20 mp.
Casting: Sandblast (safe; 1% risk of failure)
Confirm with . or Enter, or press ? or * to list all spells.
Aiming: Sandblast (safe; 1% risk of failure)
Press: ? - help, Shift-Dir - straight line, f/p - ufetubus
Aim: an ufetubus (72% to hit)
The blast of sand hits the ufetubus!
You kill the ufetubus!
You now have 18/20 mp.
Casting: Sandblast (safe; 1% risk of failure)
Confirm with . or Enter, or press ? or * to list all spells.
You can't see any susceptible monsters within range! (Use Z to cast anyway.)
Casting: Sandblast (safe; 1% risk of failure)
Confirm with . or Enter, or press ? or * to list all spells.
You can't see any susceptible monsters within range! (Use Z to cast anyway.)
A necrophage comes into view.
Casting: Sandblast (safe; 1% risk of failure)
Confirm with . or Enter, or press ? or * to list all spells.
Aiming: Sandblast (safe; 1% risk of failure)
Press: ? - help, Shift-Dir - straight line, f - scorpion
Aim: a scorpion (83% to hit)
The blast of sand hits the scorpion!
The scorpion is moderately wounded.
Casting: Sandblast (safe; 1% risk of failure)
Confirm with . or Enter, or press ? or * to list all spells.
Aiming: Sandblast (safe; 1% risk of failure)
Press: ? - help, Shift-Dir - straight line, f/p - scorpion
Aim: a scorpion (moderately wounded, 83% to hit)
The blast of sand hits the scorpion.
The scorpion is severely wounded.
The scorpion stings you.
You take 1 damage, and have 40/45 hp.
You now have 17/20 mp.
Casting: Sandblast (safe; 1% risk of failure)
Confirm with . or Enter, or press ? or * to list all spells.
Aiming: Sandblast (safe; 1% risk of failure)
Press: ? - help, Shift-Dir - straight line, f/p - scorpion
Aim: a scorpion (severely wounded, 83% to hit)
The blast of sand hits the scorpion but does no damage.
The scorpion is severely wounded.
The scorpion stings you. x2
You take 3 damage, and have 37/45 hp.
You now have 16/20 mp.
Casting: Sandblast (safe; 1% risk of failure)
Confirm with . or Enter, or press ? or * to list all spells.
Aiming: Sandblast (safe; 1% risk of failure)
Press: ? - help, Shift-Dir - straight line, f/p - scorpion
Aim: a scorpion (severely wounded, 83% to hit)
The blast of sand hits the scorpion.
The scorpion is almost dead.
The scorpion misses you. The necrophage hits you.
The scorpion stings you but does no damage.
You take 6 damage, and have 31/45 hp.
You now have 15/20 mp.
Casting: Sandblast (safe; 1% risk of failure)
Confirm with . or Enter, or press ? or * to list all spells.
Aiming: Sandblast (safe; 1% risk of failure)
Press: ? - help, Shift-Dir - straight line, f/p - scorpion
Aim: a scorpion (almost dead, 83% to hit)
The blast of sand hits the scorpion but does no damage.
The scorpion is almost dead.
The scorpion stings you!
You are poisoned.
The scorpion poisons you! The necrophage misses you.
You take 6 damage, and have 25/45 hp.
Casting: Sandblast (safe; 1% risk of failure)
Confirm with . or Enter, or press ? or * to list all spells.
Aiming: Sandblast (safe; 1% risk of failure)
Press: ? - help, Shift-Dir - straight line, f/p - scorpion
Aim: a scorpion (almost dead, 83% to hit)
The blast of sand hits the scorpion.
You kill the scorpion!
You feel very sick. The necrophage hits you.
You feel drained. The necrophage closely misses you.
Your life force feels restored.
Training target 3.0 for Fighting reached!
Your Fighting skill increases to level 3!
You take 7 damage, and have 18/46 hp.
You now have 14/20 mp.
Casting: Sandblast (safe; 1% risk of failure)
Confirm with . or Enter, or press ? or * to list all spells.
Aiming: Sandblast (safe; 1% risk of failure)
Press: ? - help, Shift-Dir - straight line, f - necrophage
Aim: a necrophage (83% to hit)
The blast of sand hits the necrophage!
The necrophage is heavily damaged.
You feel very sick. The necrophage closely misses you.
You take 2 damage, and have 16/46 hp.
You now have 13/20 mp.
Casting: Sandblast (safe; 1% risk of failure)
Confirm with . or Enter, or press ? or * to list all spells.
Aiming: Sandblast (safe; 1% risk of failure)
Press: ? - help, Shift-Dir - straight line, f/p - necrophage
Aim: a necrophage (heavily damaged, 83% to hit)
The blast of sand hits the necrophage.
The necrophage is severely damaged.
You feel sick. The necrophage closely misses you. The necrophage hits you!
* * * LOW HITPOINT WARNING * * *
You take 9 damage, and have 7/46 hp.
You now have 12/20 mp.
Casting: Sandblast (safe; 1% risk of failure)
Confirm with . or Enter, or press ? or * to list all spells.
Aiming: Sandblast (safe; 1% risk of failure)
Press: ? - help, Shift-Dir - straight line, f/p - necrophage
Aim: a necrophage (heavily damaged, 83% to hit)
You miscast Sandblast.
You are very lightly contaminated with residual magic.
Nothing appears to happen.
You feel sick. The necrophage hits you.
* * * LOW HITPOINT WARNING * * *
You take 4 damage, and have 3/46 hp.
You now have 11/20 mp.
It was a potion of mutation.
You feel extremely strange.
You feel a hidden potential growing inside you.
You feel the urge to shout.
You feel resistant to cold.
* * * LOW HITPOINT WARNING * * *
You feel sick. The necrophage hits you.
* * * LOW HITPOINT WARNING * * *
You take 2 damage, and have 1/46 hp.
It was a potion of haste.
You feel yourself speed up.
H - a potion of haste You die...

.......... # ..........
.# .........# ).##
.........##...#
..............
............ .........n#
. .......#@)# .## ......
.....#.##...# ##.....
...#..#..##. .....#
###.#.)...... ....#
##......#....# ## ....
##.......##..###.##.....
#......####..#......##.#
#......# ###.......###.#
#......###.......#.##...


You could see a necrophage.

Vanquished Creatures
  Prince Ribbit (D:5)
  An ogre (D:4)
  A phantom (D:4)
  A scorpion (D:5)
  A gnoll bouda (D:4)
  2 jellies
  4 adders
  3 gnolls (D:4)
  2 shadow imps
  3 ufetubi
  4 worms
  3 dart slugs
  9 orcs
  4 bats
  15 endoplasms
  5 giant cockroaches
  5 hobgoblins
  8 jackals
  7 quokkas
  9 ball pythons
  4 frilled lizards
  3 goblins
  10 kobolds
  4 rats
  A butterfly (Temple)
110 creatures vanquished.

Notes
Turn   | Place    | Note
-------+----------+-------------------------------------------
     0 | D:1      | mdonais the Octopode Wanderer began the quest for the Orb.
     0 | D:1      | mdonais set off with the following items: a +0 mace, a wand
                  | of polymorph (4), a scroll of fear; and the following spell
                  | memorised: Sandblast; and the following spells available to
                  | memorise: Stone Arrow, Petrify.
     0 | D:1      | Reached XP level 1. HP: 11/11 MP: 3/3
    92 | D:1      | Reached skill level 1 in Stealth
   304 | D:1      | Reached XP level 2. HP: 17/17 MP: 1/5
   908 | D:1      | Reached skill level 1 in Fighting
   911 | D:1      | Reached XP level 3. HP: 23/23 MP: 1/6
   981 | D:1      | Learned a level 3 spell: Stone Arrow
  1963 | D:2      | Reached XP level 4. HP: 18/28 MP: 7/7
  2360 | D:3      | Found a white marble altar of Elyvilon.
  2626 | D:3      | Noticed Sigmund
  3031 | D:3      | Reached XP level 5. HP: 34/34 MP: 8/8
  3545 | D:4      | Found a runed translucent door.
  3546 | D:4      | Noticed Crazy Yiuf
  3729 | D:4      | Found a staircase to the Ecumenical Temple.
  3729 | D:4      | Noticed an ogre
  3733 | D:4      | Killed an ogre
  3734 | D:4      | Reached skill level 4 in Earth Magic
  3734 | D:4      | Reached XP level 6. HP: 39/39 MP: 10/10
  3768 | Temple   | Entered the Ecumenical Temple
  3768 | Temple   | Found a transporter.
  3768 | Temple   | Found a transporter.
  3770 | Temple   | Found a transporter.
  3770 | Temple   | Found a transporter.
  3792 | Temple   | Became a worshipper of Hepliaklqana the Forgotten
  3835 | D:4      | Reached skill level 5 in Earth Magic
  4132 | D:4      | Found a sparkling altar of Nemelex Xobeh.
  4201 | D:4      | Reached skill level 1 in Conjurations
  4416 | D:4      | Found an ornate altar of the Wu Jian Council.
  4417 | D:4      | Found a shadowy altar of Dithmenos.
  4417 | D:4      | Found a snail-covered altar of Cheibriados.
  4418 | D:4      | Found a radiant altar of Vehumet.
  4419 | D:4      | Found a bloodstained altar of Trog.
  4420 | D:4      | Found an ancient bone altar of Kikubaaqudgha.
  4422 | D:4      | Found a hide-covered altar of Uskayaw.
  4596 | D:5      | Entered Level 5 of the Dungeon
  4599 | D:5      | Noticed Prince Ribbit
  4608 | D:5      | Reached XP level 7. HP: 37/45 MP: 11/11
  4611 | D:5      | HP: 2/45 [Prince Ribbit (14)]
  4978 | D:5      | Killed Prince Ribbit
  4979 | D:5      | Reached skill level 6 in Earth Magic
  5134 | D:5      | Gained mutation: You have hidden genetic potential. [potion
                  | of mutation]
  5134 | D:5      | Gained mutation: You occasionally shout uncontrollably at
                  | your foes. [potion of mutation]
  5134 | D:5      | Gained mutation: Your flesh is cold resistant. (rC+)
                  | [potion of mutation]
  5134 | D:5      | HP: 2/46 [poisoned by a scorpion]
  5135 | D:5      | Succumbed to a scorpion's poison

Illustrated notes

Levels and vault maps discovered:
D:1:      minmay_arrival_plants_in_alcoves, layout_loops_corners,
          amethyst_killhole
D:2:      layout_rooms, kennysheep_generic_room_2
D:3:      layout_loops_ring, mainiacjoe_overflow_six_doors_small,
          dk_noncrumbling_4, grunt_decor_resistance, minmay_increasing_density,
          uniq_sigmund
D:4:      minmay_evil_eye, layout_basic, minitemple,
          minmay_temple_entry_butterflies, uniq_crazy_yiuf_cottage
D:5:      layout_cave_pools, gammafunk_ghost_gnarly_gnolls, uniq_prince_ribbit1
Temple:   hellmonk_temple_divided_pantheon

Skill      XL: |  1  2  3  4  5  6  7 |
---------------+----------------------+-----
Stealth        | 2 3 4 |  4.0
Fighting       | 1 2 3 |  3.0
Spellcasting   | 3 |  3.0
Earth Magic    | 4 5 6 |  6.2
Conjurations   | 2 3 |  3.2
Maces & Flails | |  1.0
Dodging        | |  1.0
Evocations     | |  3.2

Action                   |  1- 3 |  4- 6 |  7- 9 || total
-------------------------+-------+-------+-------++-------
Melee: Quarterstaff      |     6 |       |       ||     6
       Tentacles         |     3 |       |       ||     3
       Constrict         |     1 |       |       ||     1
       Short sword       |       |     1 |       ||     1
Throw: Dart              |       |     2 |     5 ||     7
 Cast: Sandblast         |    64 |   106 |    29 ||   199
  Use: Potion            |       |       |     2 ||     2
       Scroll            |       |       |     1 ||     1
 Stab: Sleeping          |     1 |       |       ||     1
Armor: Skin              |     6 |     1 |     2 ||     9
Dodge: Dodged            |     6 |    14 |    21 ||    41

Table legend: (Time is in decaauts)
 A = Elapsed time spent in this place.
 B = Non-inter-level travel time spent in this place.
 C = Inter-level travel time spent in this place.
 D = Time resting spent in this place.
 E = Time spent auto-exploring this place.
 F = Levels seen in this place.
 G = Mean time per level.
                   A        B        C        D        E       F      G
               +--------+--------+--------+--------+--------+-----+--------+
         Total |   5235 |   4992 |    243 |    247 |   3780 |   6 |  872.5 |
       Dungeon |   5194 |   4951 |    243 |    247 |   3778 |   5 | 1038.8 |
        Temple |     40 |     40 |      0 |      0 |      2 |   1 |   40.0 |
               +--------+--------+--------+--------+--------+-----+--------+

Top non-repeatable levels by time:
     D:4: 1455 daAuts
     D:1: 1234 daAuts
     D:3: 1159 daAuts
     D:2: 1138 daAuts
     D:5: 207 daAuts
  Temple: 40 daAuts
